 Dungeon Crawl Stone Soup version 0.26.1-11-gd32895ea62 (webtiles) character file.

Game seed: 706671434779673847

16 Zeld the Grasshopper (level 2, -4/19 HPs)
             Began as an Octopode Warper on May 17, 2021.
             Slain by Terence
             ... wielding a +0 trident
              (7 damage)
             ... on level 2 of the Dungeon.
             The game lasted 00:02:29 (1413 turns).

Zeld the Grasshopper (Octopode Warper)              Turns: 1413, Time: 00:02:30

Health: -4/19      AC:  1    Str: 10    XL:     2   Next: 58%
Magic:  5/5        EV: 13    Int: 15    God:
Gold:   96         SH:  0    Dex: 11    Spells: 3/5 levels left

rFire    . . .     SeeInvis .   a - +0 mace
rCold    . . .     Faith    .   (no shield)
rNeg     . . .     Spirit   .   (helmet restricted)
rPois    .         Reflect  .   (no amulet)
rElec    .         Harm     .   (no ring)
rCorr    .         Rampage  .   (no ring)
Will     .....                  (no ring)
Stlth    ++........             (no ring)
HPRegen  0.06/turn              (no ring)
MPRegen  0.09/turn              (no ring)
                                (no ring)
                                (no ring)

@: no status effects
A: almost no armour, stealthy swim, amphibious, 8 rings, constrict 8, camouflage
1, gelatinous body 1
a: no special abilities


You were on level 2 of the Dungeon.
You visited 1 branch of the dungeon, and saw 2 of its levels.

You collected 96 gold pieces.

Inventory:

Hand Weapons
 a - a +0 mace (weapon)
Missiles
 b - 5 boomerangs of dispersal (quivered)
Jewellery
 f - an uncursed amulet of guardian spirit {unknown}
Scrolls
 c - a scroll of blinking
 d - 3 scrolls of identify {unknown}
Potions
 e - 2 potions of heal wounds {unknown}


   Skills:
 - Level 2.0 Fighting
 * Level 2.6 Maces & Flails
 - Level 1.0 Throwing
 - Level 2.3 Dodging
 + Level 2.2 Spellcasting
 + Level 3.2 Translocations


You had 3 spell levels left.
You knew the following spells:

 Your Spells              Type           Power        Failure   Level
a - Blink                 Tloc           N/A          9%          2

Your spell library contained the following spells:

 Spells                   Type           Power        Failure   Level
 Gell's Gravitas          Tloc           5%           17%         3
 Lesser Beckoning         Tloc           5%           17%         3
 Teleport Other           Tloc           11%          17%         3
 Passage of Golubria      Tloc           N/A          50%         4


Dungeon Overview and Level Annotations

Branches:
Dungeon (2/15)

Altars:

Annotations:
D:2 Terence


Innate Abilities, Weirdness & Mutations

You cannot wear most types of armour.
You are very stealthy in the water. (Stealth+)
You are amphibious.
You can wear up to eight rings at the same time.
You can use your tentacles to constrict eight enemies at once.
Your skin changes colour to match your surroundings (Stealth+).
Your rubbery body absorbs attacks. (AC +1, EV +1)


Message History

Terence shouts!
The bat closely misses you.
You miss the bat. Your grab misses the bat. Your squeeze misses the bat.
The bat closely misses you. Terence closely misses you.
A worm comes into view.
The bat hits you but does no damage.
Terence asks, "Do you want it fast or slow?"
Terence hits you with a +0 trident!
The worm moves out of view.
You are too injured to fight recklessly!
The bat misses you.
Terence hits you from afar with a +0 trident.
* * * LOW HITPOINT WARNING * * *
The bat hits you.
* * * LOW HITPOINT WARNING * * *
The bat misses you. The bat completely misses you.
There is a stone staircase leading up here.
The bat hits you but does no damage.
Terence hits you from afar with a +0 trident!
You die...

## #. #.## .
#... .. .. #..#
#.##.# ##..#
#.#..#
#...###.#.###
#..@........#
#....@......# .
#..b........##..
#...............
#............#.#
#..............#
#.......?.......
#.##........##..
...$..#..#####


You could see Terence and a bat.

Vanquished Creatures
  2 giant cockroaches (D:1)
  A goblin (D:1)
  4 hobgoblins (D:1)
  A ball python (D:1)
  A bat (D:1)
  2 frilled lizards
  4 kobolds (D:1)
  A rat (D:1)
16 creatures vanquished.

Notes
Turn   | Place    | Note
-------+----------+-------------------------------------------
     0 | D:1      | Zeld the Octopode Warper began the quest for the Orb.
     0 | D:1      | Reached XP level 1. HP: 14/14 MP: 3/3
   555 | D:1      | Reached XP level 2. HP: 1/19 MP: 5/5
   559 | D:1      | Learned a level 2 spell: Blink
  1399 | D:2      | Noticed Terence
  1413 | D:2      | Slain by Terence

Illustrated notes

Levels and vault maps discovered:
D:1:      minmay_arrival_five_plusses, layout_basic, minmay_crystal_water,
          minmay_pentomino_o2
D:2:      layout_rooms, grunt_temple_overflow_open, uniq_terence, uniq_natasha

Action                   || total
-------------------------++-------
Melee: Mace              ||    31
       Constrict         ||    11
       Tentacles         ||     8
 Cast: Blink             ||     3
 Stab: Sleeping          ||     1
Armor: Skin              ||     4
Dodge: Dodged            ||    27
